 Dungeon Crawl Stone Soup version 0.30.1-3-gfc49f6343a (webtiles) character file.

Game seed: 3531606209948609438

154 CaptainMV the Shooter (level 5, 0/38 HPs)
             Began as a Demonspawn Wanderer on July 27, 2023.
             Was an Initiate of Yredelemnul.
             Slain by a sleepcap (7 damage)
             ... on level 4 of the Dungeon.
             The game lasted 00:21:18 (1853 turns).

CaptainMV the Shooter (Demonspawn Wanderer)         Turns: 1853, Time: 00:21:19

Health: 0/38       AC:  4    Str: 12    XL:     5   Next: 13%
Magic:  1/7        EV: 12    Int: 15    God:    Yredelemnul [......]
Gold:   91         SH:  0    Dex: 16    Spells: 4/7 levels left

rFire   . . .        a - +3 sling
rCold   . . .        (no shield)
rNeg    . . .        k - +1 robe of Lugonu {Dex+3}
rPois   .            b - +0 helmet
rElec   .            (no cloak)
rCorr   .            (no gloves)
SInv    .            (no boots)
Will    .....        (no amulet)
Stlth   ++           (no ring)
HPRegen 0.26/turn    (no ring)
MPRegen 0.10/turn

%: no passive effects
@: no status effects
A: hooves 1, weakness stinger 1
a: Renounce Religion, Recall Undead Harvest


You were on level 4 of the Dungeon.
You worshipped Yredelemnul.
Yredelemnul was noncommittal.
You visited 1 branch of the dungeon, and saw 4 of its levels.

You collected 91 gold pieces.

Inventory:

Hand Weapons
 a - a +3 sling (weapon)
Armour
 b - a +0 helmet (worn)
 d - a +0 robe
 k - the +1 robe of Lugonu (worn) {Dex+3}
   (You found it on level 3 of the Dungeon)

   Dex:       It affects your dexterity (+3).
Jewellery
 m - a ring of positive energy
Scrolls
 c - a scroll of teleportation
Potions
 e - a potion of resistance
 f - a potion of might
 g - a potion of magic
 h - a potion of curing
 i - a potion of invisibility
 j - a potion of lignification {unknown}
 l - a potion of degeneration {unknown}


   Skills:
 + Level 1.7 Fighting
 + Level 5.2 Ranged Weapons
 + Level 1.1 Dodging
 + Level 2.1 Stealth
 + Level 1.5 Spellcasting
 + Level 1.0 Hexes
 + Level 1.0 Translocations


You had 4 spell levels left.
You knew the following spells:

 Your Spells              Type           Power      Damage    Failure   Level
a - Slow                  Hex            16%        N/A       16%         1
b - Blink                 Tloc           8%         N/A       24%         2

Your spell library contained the following spells:

 Spells                   Type           Power      Damage    Failure   Level
 Magic Dart               Conj           4%         1d3       24%         1
 Lesser Beckoning         Tloc           8%         N/A       24%         2
 Call Imp                 Summ           2%         N/A       34%         2
 Confusing Touch          Hex            4%         N/A       41%         3
 Frozen Ramparts          Ice            2%         1d1       56%         3
 Mephitic Cloud           Conj/Pois/Air  1%         N/A       56%         3
 Vampiric Draining        Necr           1%         2d6       56%         3
 Ice Form                 Ice/Tmut       1%         N/A       93%         4
 Summon Ice Beast         Ice/Summ       1%         N/A       93%         4


Dungeon Overview and Level Annotations

Branches:
Dungeon (4/15)
 Temple: D:4-7

Altars:
Ashenzari
Cheibriados
Makhleb
Qazlal
Yredelemnul


Innate Abilities, Weirdness & Mutations

You have large cloven feet.
You have a small tail.


Message History

Aim: a jackal (56% to hit)
You shoot a sling bullet. The sling bullet hits the jackal!
You kill the jackal!
A jackal comes into view.
The sleepcap releases spores at you but does no damage.
Fire: a) +3 sling
Press: ? - help, Q - select action, (/) - cycle Shift-Dir - straight line, f - jackal
Aim: a jackal (56% to hit)
You shoot a sling bullet.
The sling bullet closely misses the jackal.
The sleepcap releases spores at you but does no damage.
Fire: a) +3 sling
Press: ? - help, Q - select action, (/) - cycle Shift-Dir - straight line, f/p - jackal
Aim: a jackal (56% to hit)
You shoot a sling bullet.
The sling bullet hits the jackal but does no damage.
The jackal bites you but does no damage.
The sleepcap releases spores at you but does no damage.
Your magical contamination has completely faded away.
You shoot a sling bullet.
The sling bullet barely misses the jackal.
The sling bullet hits the jackal!
You kill the jackal!
The dead are walking!
The jackal barely misses you. The sleepcap releases spores at you.
You are engulfed in a cloud of soporific spores!
You fall asleep.
The jackal bites you.
You wake up.
* * * LOW HITPOINT WARNING * * *
You shoot a sling bullet. The sling bullet hits the jackal.
The jackal is almost dead.
The jackal bites you.
* * * LOW HITPOINT WARNING * * *
The sleepcap releases spores at you!
* * * LOW HITPOINT WARNING * * *
You feel better. The jackal barely misses you.
A jackal comes into view.
The sleepcap releases spores at you!
You die...
Your body rises from the dead as a mindless zombie.

###..........
#.#........
##..#.......
######..#.#......
##......###.(.....
#........###......
##........####.....
#..........# ##....
#.@f........# ##.).
#..h..........#
##..
#.............# ##.
....Z........... ##
##.........(..... #
#..............
#$.............
#...h.......


You could see a sleepcap, 2 jackals and a friendly jackal zombie.

Vanquished Creatures
  An orc wizard (D:3)
  Jessica (D:2)
  4 adders
  An ufetubus (D:4)
  2 worms (D:2)
  A dart slug (D:3)
  2 orcs (D:3)
  5 ball pythons
  6 endoplasms
  2 giant cockroaches
  2 goblins
  2 hobgoblins
  2 jackals (D:4)
  2 quokkas (D:2)
  6 bats
  A frilled lizard (D:1)
  5 kobolds
  4 rats
49 creatures vanquished.

Vanquished Creatures (collateral kills)
  A ball python (D:2)
  A rat (D:3)
2 creatures vanquished.

Vanquished Creatures (others)
  2 bat zombies
  A kobold zombie (D:4)
3 creatures vanquished.

Grand Total: 54 creatures vanquished

Notes
Turn   | Place    | Note
-------+----------+-------------------------------------------
     0 | D:1      | CaptainMV the Demonspawn Wanderer began the quest for the
                  | Orb.
     0 | D:1      | CaptainMV set off with the following items: a +2 sling, a
                  | +0 helmet, a scroll of teleportation, a +0 robe; and the
                  | following spells available to memorise: Blink, Lesser
                  | Beckoning.
     0 | D:1      | Reached XP level 1. HP: 15/15 MP: 2/2
    37 | D:1      | Learned a level 1 spell: Slow
   281 | D:1      | Reached skill level 4 in Ranged Weapons
   281 | D:1      | Discovered your monstrous ancestry.
   281 | D:1      | Gained mutation: You have large cloven feet. [demonic
                  | ancestry]
   281 | D:1      | Reached XP level 2. HP: 20/21 MP: 0/3
   568 | D:2      | Noticed Jessica
   580 | D:2      | Killed Jessica
   581 | D:2      | Reached XP level 3. HP: 11/26 MP: 0/4
   662 | D:2      | Found a faded altar of an unknown god.
   675 | D:2      | Prayed at the altar of an unknown god.
   675 | D:2      | Became a worshipper of Yredelemnul the Dark
   675 | D:2      | Reached * piety under Yredelemnul
   704 | D:2      | Learned a level 2 spell: Blink
   714 | D:2      | Reached XP level 4. HP: 19/32 MP: 1/6
  1129 | D:3      | Reached skill level 1 in Hexes
  1157 | D:3      | Identified the +1 robe of Lugonu {Dex+3}
  1222 | D:3      | Reached skill level 5 in Ranged Weapons
  1223 | D:3      | Gained mutation: You have a small tail. [demonic ancestry]
  1223 | D:3      | Reached XP level 5. HP: 38/38 MP: 7/7
  1323 | D:3      | Found a broken altar of Ashenzari.
  1324 | D:3      | Found a stormy altar of Qazlal.
  1325 | D:3      | Found a snail-covered altar of Cheibriados.
  1325 | D:3      | Found a burning altar of Makhleb.
  1853 | D:4      | Slain by a sleepcap

Illustrated notes

Levels and vault maps discovered:
D:1:      tarquinn_simple_flora_water_f, layout_basic
D:2:      layout_basic, dreamdust_ecumenical_altar_grove, uniq_jessica
D:3:      layout_loops_ring, mainiacjoe_overflow_alcove_3,
          chequers_serial_rivers_large_b, serial_bayou_pond_a
D:4:      layout_cave_pods

Skill      XL: |  1  2  3  4 |
---------------+-------------+-----
Ranged Weapons | 4 5 |  5.2
Stealth        | 2 |  2.1
Hexes          | 1 |  1.0
Fighting       | |  1.7
Dodging        | |  1.1
Spellcasting   | |  1.5
Translocations | |  1.0

Action                     |  1- 3 |  4- 6 || total
---------------------------+-------+-------++-------
   Fire: Sling             |    64 |    75 ||   139
   Cast: Slow              |    18 |     3 ||    21
         Blink             |       |     1 ||     1
 Invoke: Recall Undead Har |       |     2 ||     2
    Use: Scroll            |     4 |     5 ||     9
         Potion            |     1 |     1 ||     2
 Armour: Robe              |     9 |    14 ||    23
  Dodge: Dodged            |    15 |    22 ||    37
